AoeStats
← 沒起房子我日

Pilgrims

508606178Analyzed
4v4 RM · 9d ago on Sep 23, 2026· 37m 38s· 8 players
Game mode
Random Map
Map size
Large (8 player)
Population
200
Speed
Normal
Resources
Standard
Victory
Conquest
Starting age
Dark Age
Ending age
Imperial Age
RankedLock teamsTeams togetherTeam positionsShared explorationLock speedFull tech treeHidden civsTurbo modeCheats
Victory
Defeat
🇹🇼 Romans · Taiwan
1596
+11
🇨🇳 Varangians · China
1530
+13
🇹🇼 Chinese · Taiwan
1508
+14
🇨🇳 Wu · China
1318
+21
🇳🇱 Danes · Netherlands
1568
-19
🇨🇳 Persians · China
1469
-15
🇮🇪 Varangians · Ireland
1407
-13
🇭🇰 Malay · Hong Kong SAR China
1403
-12
IWUDJA
9:52 Loom
12:33 Feudal Age
13:28 Double-Bit Axe
16:23 Wheelbarrow
23:26 Castle Age
21:33 Fishing Lines
24:47 Scale Barding Armor
25:06 Bow Saw
26:01 Forging
28:39 Horse Collar
28:55 Gillnets
30:03 Bloodlines
32:21 Heavy Plow
34:42 Chain Barding Armor
36:14 Fletching
Komkommersla
4:34 Loom
11:29 Feudal Age
17:51 Castle Age
16:17 Fletching
17:16 Stone Mining
18:27 Town Watch
19:05 Scale Mail Armor
22:04 Forging
梅子雨
11:31 Feudal Age
12:07 Double-Bit Axe
14:43 Fishing Lines
19:21 Castle Age
20:00 Medium Warships
20:26 Bow Saw
23:37 Gillnets
27:53 Imperial Age
25:58 Wheelbarrow
25:46 Scale Barding Armor
25:52 Forging
27:55 Bloodlines
27:46 Husbandry
28:16 Chain Barding Armor
27:46 Cavalier
28:22 Loom
32:11 Plate Barding Armor
33:58 Conscription
lok914
4:40 Loom
11:29 Feudal Age
13:52 Forging
19:05 Castle Age
17:51 Double-Bit Axe
17:49 Horse Collar
22:38 Fletching
elmor
8:54 Feudal Age
10:19 Loom
14:03 Castle Age
12:33 Double-Bit Axe
13:50 Horse Collar
15:55 Bow Saw
19:48 Town Watch
20:41 Wheelbarrow
25:16 Hand Cart
28:10 Imperial Age
27:00 Scale Mail Armor
27:12 Man-at-Arms
27:53 Squires
28:19 Chain Mail Armor
28:15 Forging
28:31 Gold Mining
28:14 Long Swordsman
29:08 Legionary
30:49 Iron Casting
30:30 Pikeman
32:46 Blast Furnace
33:06 Halberdier
沒起房子我日
4:19 Loom
14:03 Feudal Age
15:35 Double-Bit Axe
18:02 Castle Age
18:17 Town Watch
19:35 Fletching
19:56 Bow Saw
19:34 Horse Collar
29:04 Wheelbarrow
战歌
4:26 Loom
11:24 Feudal Age
11:26 Man-at-Arms
13:01 Fishing Lines
13:20 Arson
14:11 Forging
15:07 Double-Bit Axe
16:43 Scale Mail Armor
20:25 Castle Age
18:48 Gold Mining
20:55 Long Swordsman
21:35 Squires
22:12 Gillnets
23:00 Wheelbarrow
23:08 Gold Shaft Mining
24:58 Chain Mail Armor
28:22 Bow Saw
29:28 Hand Cart
30:15 Stone Mining
30:48 Medium Warships
36:18 Imperial Age
34:00 Fletching
34:10 Padded Archer Armor
35:20 Pikeman
36:39 Iron Casting
36:00 Bodkin Arrow
36:20 Leather Archer Armor
36:24 Halberdier
37:10 Red Cliffs Tactics
泡锅
11:44 Feudal Age
15:52 Castle Age
14:13 Double-Bit Axe
14:59 Fishing Lines
17:12 Bow Saw
16:58 Horse Collar
21:44 Gold Mining
28:27 Loom
29:18 Wheelbarrow
32:57 Imperial Age
31:40 Scale Barding Armor
31:46 Forging
32:40 Hand Cart
33:18 Chain Barding Armor
34:03 Bloodlines
33:54 Husbandry
34:43 Conscription
34:39 Heavy Plow
35:38 Plate Barding Armor
35:43 Iron Casting
37:03 Two-Man Saw
35:30 Elite Jarl
Connection lost

Rejoining the realm…

Still unreachable

The connection could not be restored.

Session expired

The server has moved on; the page needs a fresh start.